 Dungeon Crawl Stone Soup version 0.31-a0-803-g95b03c3367 (webtiles) character file.

Game seed: 17255314045257648668

1620683 DocSulfur the Formicid Barricade (level 27, 224/224 HPs)
             Began as a Formicid Berserker on Sept 19, 2023.
             Was the Champion of Trog.
             Escaped with the Orb
             ... and 3 runes on Sept 20, 2023!
             The game lasted 04:33:57 (77804 turns).

DocSulfur the Formicid Barricade (FoBe)            Turns: 77804, Time: 04:33:57

Health: 224/224    AC: 43    Str: 40    XL:     27
Magic:  23/23      EV: 17    Int: 12    God:    Trog [******]
Gold:   4251       SH: 30    Dex: 14    Spells: 26/26 levels left

rFire   + + .        X - +7 glaive "Pesul" {spect, rElec rPois Str-3 Int+3}
rCold   + . .        E - +5 tower shield "Keshoucw" {Slay+2}
rNeg    + . .        P - +12 gold dragon scales
rPois   +            (helmet unavailable)
rElec   +            L - scarf {repulsion}
rCorr   .            w - +0 pair of gloves of Gagret {rPois rF+ Dex+2 Slay+3}
SInv    +            l - +2 pair of slick slippers {slick, slippery, EV+4}
Will    +++++        k - amulet of the Four Winds {rN+ Will+++ Clar} Stlth
                     U - +4 ring of slaying
HPRegen 0.57/turn    c - +6 ring of strength
MPRegen 0.18/turn

%: repel missiles, clarity
@: no status effects
A: permanent stasis, dig shafts and tunnels, antennae 3, four strong arms,
iridescent scales 1, frail 1, mutation resistance 1, strong 1
0: Orb of Zot
}: 3/15 runes: decaying, silver, gossamer
a: Dig, Shaft Self, Renounce Religion, Trog's Hand, Brothers in Arms


You escaped.
You worshipped Trog.
Trog was exalted by your worship.
You visited 11 branches of the dungeon, and saw 51 of its levels.
You visited the Abyss 1 time.
You also visited: Trove, Ice Cave, Wizlab and Desolation.

You collected 8790 gold pieces.
You spent 4539 gold pieces at shops.

Inventory:

Hand Weapons
 p - a +2 heavy bardiche
 u - the +7 lajatang of Order {silver, rMut}
   (You acquired it on level 3 of the Elven Halls)

   rMut:      It protects you from mutation.
 X - the +7 glaive "Pesul" (weapon) {spect, rElec rPois Str-3 Int+3}
   (You found it on level 3 of the Elven Halls)

   Str-3:     It affects your strength (-3).
   Int+3:     It affects your intelligence (+3).
   rElec:     It insulates you from electricity.
   rPois:     It protects you from poison
Missiles
 b - 18 boomerangs (quivered)
 r - 8 throwing nets
 t - 8 curare-tipped darts
Armour
 l - the +2 pair of slick slippers (worn) {slick, slippery, EV+4}
   (You found it on level 2 of the Realm of Zot)

   Slick:     Its wearer cannot be constricted, engulfed, netted or webbed.
   Slippery:  Its wearer slips away from damaging melee attacks, pulling the
   attacker onward.
   EV+4:      It affects your evasion (+4).
 w - the +0 pair of gloves of Gagret (worn) {rPois rF+ Dex+2 Slay+3}
   (You found it on level 4 of the Spider Nest)

   Dex+2:     It affects your dexterity (+2).
   Slay+3:    It affects your accuracy & damage with ranged weapons and melee
   (+3).
   rF+:       It protects you from fire.
   rPois:     It protects you from poison
 E - the +5 tower shield "Keshoucw" (worn) {Slay+2}
   (You acquired it on level 2 of the Depths)

   Slay+2:    It affects your accuracy & damage with ranged weapons and melee
   (+2).
 L - a scarf of repulsion (worn)
 P - +12 gold dragon scales (worn)
 Q - a +2 cloak of preservation
Jewellery
 c - a +6 ring of strength (right hand)
 k - the amulet of the Four Winds (around neck) {rN+ Will+++ Clar}
   (You bought it in a shop on level 3 of the Depths)

   [amulet of nothing]

   rN+:       It protects you from negative energy.
   Will+++:   It greatly increases your willpower.
   Clar:      It protects you from confusion, rage, mesmerisation and fear.
 A - a ring of protection from fire
 N - the amulet of Zujiqed {rF+ Regen+ Str+3}
   (You found it in the Desolation of Salt)

   [amulet of regeneration]

   Str+3:     It affects your strength (+3).
   rF+:       It protects you from fire.
   Regen+:    It increases your rate of health regeneration.
 R - the ring of Scepticism {rElec rN+ Dex+3}
   (You found it on level 5 of the Vaults)

   [ring of positive energy]

   Dex+3:     It affects your dexterity (+3).
   rElec:     It insulates you from electricity.
   rN+:       It protects you from negative energy.
 S - a +5 ring of evasion
 U - a +4 ring of slaying (left hand)
Wands
 a - a wand of iceblast (33)
 g - a wand of mindburst (9)
 B - a wand of quicksilver (21)
 C - a wand of charming (88)
 D - a wand of flame (25)
 O - a wand of polymorph (17)
 W - a wand of digging (10)
Scrolls
 d - 9 scrolls of fear
 h - 11 scrolls of vulnerability
 j - 4 scrolls of fog
 m - a scroll of enchant armour
 s - 2 scrolls of revelation
 x - 10 scrolls of butterflies
 H - 2 scrolls of silence
 K - 6 scrolls of immolation
 V - 16 scrolls of poison
 Y - 6 scrolls of torment
Potions
 e - 16 potions of curing
 f - 14 potions of heal wounds
 i - 16 potions of mutation
 n - 2 potions of resistance
 o - 9 potions of enlightenment
 v - 2 potions of cancellation
 z - 7 potions of might
 F - 9 potions of lignification
 G - 12 potions of attraction
 M - 9 potions of ambrosia
Miscellaneous
 y - a phantom mirror
 I - a tin of tremorstones (2/2)
 J - a sack of spiders
 Z - a lightning rod (4/4)


   Skills:
 O Level 27 Fighting
 + Level 24.8(25.7) Polearms
 - Level 12.7(20.2) Staves
 - Level 10.0 Throwing
 + Level 24.1 Armour
 - Level 11.5 Dodging
 - Level 5.0 Stealth
 O Level 27 Shields
 - Level 11.9 Evocations


You had 26 spell levels left.
You didn't know any spells.
Your spell library contained the following spells:

 Spells                   Type           Power      Damage    Failure   Level
 Freeze                   Ice            0%         1d3       82%         1
 Magic Dart               Conj           0%         1d3       82%         1
 Necrotise                Necr           0%         1d4       82%         1
 Summon Small Mammal      Summ           0%         N/A       82%         1
 Call Imp                 Summ           0%         N/A       91%         2
 Cigotuvi's Dreadful Rot  Necr/Pois/Air  0%         N/A       91%         2
 Ensorcelled Hibernation  Hex/Ice        0%         N/A       91%         2
 Passwall                 Tmut/Erth      0%         N/A       91%         2
 Poisonous Vapours        Pois/Air       0%         N/A       91%         2
 Searing Ray              Conj           0%         2d4       91%         2
 Static Discharge         Conj/Air       0%         2-2/arc   91%         2
 Call Canine Familiar     Summ           0%         N/A       99%         3
 Dazzling Flash           Conj/Hex       0%         N/A       99%         3
 Frozen Ramparts          Ice            0%         1d1       99%         3
 Hailstorm                Conj/Ice       0%         3d3       99%         3
 Ignite Poison            Fire/Tmut/Pois 0%         N/A       99%         3
 Mephitic Cloud           Conj/Pois/Air  0%         N/A       99%         3
 Ozocubu's Armour         Ice            0%         N/A       99%         3
 Sigil of Binding         Hex            0%         N/A       99%         3
 Summon Guardian Golem    Hex/Summ       0%         N/A       99%         3
 Tukima's Dance           Hex            0%         N/A       99%         3
 Vampiric Draining        Necr           0%         2d6       99%         3
 Volatile Blastmotes      Fire/Tloc      0%         2d10      99%         3
 Airstrike                Air            0%         2d(0-16)  100%        4
 Anguish                  Hex/Necr       0%         N/A       100%        4
 Animate Armour           Summ/Erth      0%         N/A       100%        4
 Cause Fear               Hex            0%         N/A       100%        4
 Dimensional Bullseye     Hex/Tloc       0%         N/A       100%        4
 Dispel Undead            Necr           0%         3d6       100%        4
 Fulminant Prism          Conj/Hex       0%         3d5       100%        4
 Iskenderun's Mystic Bla  Conj/Tloc      0%         2d3       100%        4
 Leda's Liquefaction      Hex/Erth       0%         N/A       100%        4
 Olgreb's Toxic Radiance  Pois           0%         N/A       100%        4
 Passage of Golubria      Tloc           0%         N/A       100%        4
 Summon Lightning Spire   Summ/Air       0%         N/A       100%        4
 Agony                    Necr           0%         N/A       100%        5
 Alistair's Intoxication  Tmut/Pois      0%         N/A       100%        5
 Arcjolt                  Conj/Air       0%         1d10      100%        5
 Borgnjor's Vile Clutch   Necr/Erth      0%         N/A       100%        5
 Fireball                 Conj/Fire      0%         3d3       100%        5
 Freezing Cloud           Conj/Ice/Air   0%         6-21      100%        5
 Iskenderun's Battlesphe  Conj           0%         2d6       100%        5
 Lee's Rapid Deconstruct  Erth           0%         3d4*      100%        5
 Metabolic Englaciation   Hex/Ice        0%         N/A       100%        5
 Summon Forest            Summ/Tloc      0%         N/A       100%        5
 Summon Mana Viper        Hex/Summ       0%         N/A       100%        5
 Yara's Violent Unravell  Hex/Tmut       0%         3d3       100%        5
 Death Channel            Necr           0%         N/A       100%        6
 Eringya's Noxious Bog    Tmut/Pois      0%         4d6       100%        6
 Leda's Unmaking          Conj/Erth      0%         9d1       100%        6
 Plasma Beam              Fire/Air       0%         2x1d10    100%        6
 Simulacrum               Ice/Necr       0%         N/A       100%        6
 Starburst                Conj/Fire      0%         6d3       100%        6
 Summon Cactus Giant      Summ           0%         N/A       100%        6
 Enfeeble                 Hex            0%         N/A       100%        7
 Haunt                    Necr/Summ      0%         N/A       100%        7
 Malign Gateway           Summ/Tloc      0%         N/A       100%        7
 Orb of Destruction       Conj           0%         9d5       100%        7
 Ozocubu's Refrigeration  Ice            0%         4d7       100%        7
 Spellforged Servitor     Conj/Summ      0%         N/A       100%        7
 Summon Hydra             Summ           0%         N/A       100%        7
 Borgnjor's Revivificati  Necr           0%         N/A       100%        8
 Maxwell's Capacitive Co  Air            0%         ∞         100%        8
 Summon Horrible Things   Summ           0%         N/A       100%        8
 Chain Lightning          Conj/Air       0%         N/A       100%        9
 Death's Door             Necr           0%         N/A       100%        9
 Dragon's Call            Summ           0%         N/A       100%        9
 Fire Storm               Conj/Fire      0%         5d1       100%        9
 Polar Vortex             Ice            0%         N/A       100%        9
 Shatter                  Erth           0%         3d5*      100%        9
 Swiftness                Air            Unusable   N/A       N/A         3
 Vhi's Electric Charge    Tloc/Air       Unusable   N/A       N/A         4

Dungeon Overview and Level Annotations

Branches:
Dungeon (15/15)            Temple (1/1) D:5            Lair (5/5) D:8
  Swamp (4/4) Lair:3       Spider (4/4) Lair:2        Slime (0/5) Lair:4
    Orc (2/2) D:11            Elf (3/3) Orc:2        Vaults (5/5) D:13
  Crypt (3/3) Vaults:3       Tomb (0/3) Crypt:3      Depths (4/4) D:15
    Zot (5/5) Depths:4      IceCv (visited)          WizLab (visited)
Desolation (visited)

Altars:
Ashenzari
Cheibriados
Dithmenos
Elyvilon
Fedhas
Gozag
Hepliaklqana
Kikubaaqudgha
Makhleb
Nemelex Xobeh
Okawaru
Qazlal
Ru
Sif Muna
Trog
Uskayaw
Vehumet
Wu Jian
Xom
Yredelemnul
Zin
The Shining One
Lugonu

Shops:
Orc:2 *:!!   Elf:1 *   Elf:2 [   Elf:3 (   Vaults:4 (   Depths:2 **
Depths:3 ![=

Portals:
Hell: Depths:1 Depths:2 Depths:3 Depths:4
Abyss: Depths:2 Depths:3
Pandemonium: Depths:2
Ziggurat: Depths:2

Annotations:
D:6 1 runed translucent door, Crazy Yiuf
Temple 2 transporters
Swamp:2 exclusion: 2 lightning spires
Spider:4 Roxanne
Elf:2 1 runed translucent door, Ontoju Zobb's ghost, adept FeSu
Depths:2 3 runed translucent doors, Supniafala's ghost, adept HOMo
Zot:5 1 transporter


Innate Abilities, Weirdness & Mutations

You cannot be hasted, slowed, berserked, paralysed or teleported.
You can dig through walls and to a lower floor.
You have a pair of large antennae on your head. (SInv)
Your four strong arms can wield two-handed weapons with a shield.
You are partially covered in iridescent scales. (AC +2)
You are frail. (-10% HP)
You are somewhat resistant to further mutation.
Your muscles are strong. (Str +4, Int/Dex -1)


Message History

A lorocyproca comes into view.
You reach to attack!
You cut the lorocyproca into ribbons!!!!
The lorocyproca is almost dead.
Your +7 glaive "Pesul" {spect, rElec rPois Str-3 Int+3} barely misses the lorocyproca.
You reach to attack!
You closely miss the lorocyproca.
The lorocyproca is almost dead.
Your +7 glaive "Pesul" {spect, rElec rPois Str-3 Int+3} closely misses the lorocyproca.
You slice the lorocyproca like a ripe choko!!!!
You kill the lorocyproca!
Trog accepts your kill.
Your +7 glaive "Pesul" {spect, rElec rPois Str-3 Int+3} disappears.
You hit the sun demon.
The sun demon is lightly wounded.
Your +7 glaive "Pesul" {spect, rElec rPois Str-3 Int+3} hits the sun demon from afar!!
You open the sun demon like a pillowcase!!!!
You kill the sun demon!
Trog accepts your kill.
Your +7 glaive "Pesul" {spect, rElec rPois Str-3 Int+3} disappears.
No target in view!
There is an open door, spattered with blood here.
There is a stone staircase leading up here.
You climb upwards.
There is a stone staircase leading down here.
There is an open door here.
There is an open door here.
You sense a monster nearby.
A Hell Sentinel comes into view.
You reach to attack!
You slice the Hell Sentinel!!
The Hell Sentinel is moderately wounded.
Your +7 glaive "Pesul" {spect, rElec rPois Str-3 Int+3} hits the Hell Sentinel!!!
You reach to attack!
You slash the Hell Sentinel!
The Hell Sentinel is severely wounded.
Your +7 glaive "Pesul" {spect, rElec rPois Str-3 Int+3} hits the Hell Sentinel!!!
You kill the Hell Sentinel!
Trog accepts your kill.
No target in view!
Your +7 glaive "Pesul" {spect, rElec rPois Str-3 Int+3} disappears.
There is a staircase leading out of the dungeon here.
You have escaped!

.......#.#.........#####.#.#
#.# .......#.#.........#
#.#.###.# .........#.........#
#.......# .........#.........#
###.##### ######...#.........#
#.## #........#.........#
#..## #.#####......#..####
####..# #.# #......##.###
#.....# #.# ##.....#..@.#
#.....# #.# #..####....#
#.....# #.# #....###'#'##
#####.#
#.########..#...#..####### #(#
#........#......##..##...###.#
########.##.....##.........#.#
#.##.....###........#.####
#.##.....# ###.....##.##..
#.##.....############.##.#


There were no monsters in sight!

Vanquished Creatures
  2 dread liches
  2 ancient liches (Zot:5)
  10 orbs of fire
  2 juggernauts
  Vv (Zot:1)
  9 Killer Klowns
  the Lernaean hydra (Swamp:4)
  4 curse toes
  Saint Roka (Vaults:1)
  14 caustic shrikes
  13 golden dragons
  the Enchantress (Depths:3)
  2 bone dragons (Crypt:3)
  9 electric golems
  A walking crystal tome (Depths:3)
  Jorgrun (D:14)
  24 tentacled monstrosities
  A Hell Sentinel (D:1)
  25 Orb Guardians
  3 deep elf blademasters
  6 liches
  4 titans
  2 deep elf master archers (Elf:3)
  4 quicksilver dragons
  A sphinx (Vaults:4)
  6 ancient champions
  10 death cobs
  2 thorn hunters (Swamp:1)
  2 revenants
  7 tengu reavers
  13 shadow dragons
  Kirke (Spider:1)
  Aizul (Lair:2)
  12 fire giants
  8 storm dragons
  5 draconian monks
  Donald (Swamp:1)
  5 emperor scorpions
  6 draconian knights
  3 deep elf sorcerers
  3 deep elf elementalists (Elf:3)
  2 imperial myrmidons (Desolation)
  A balrug (Depths:2)
  11 frost giants
  15 vault wardens
  7 ghost moths
  3 iron dragons
  3 angels
  4 draconian shifters
  3 draconian scorchers
  An orc warlord (Vaults:4)
  3 curse skulls
  5 draconian annihilators
  A caustic shrike zombie (Depths:1)
  19 ironbound preservers
  6 draconian stormcallers
  7 ghouls
  5 spriggan defenders
  A reaper (Depths:2)
  13 stone giants
  3 formless jellyfish
  3 war gargoyles
  17 very ugly things
  2 broodmothers
  A broodmother (shapeshifter) (Vaults:5)
  5 ironbound thunderhulks
  7 vampire knights
  4 deep elf demonologists
  A lorocyproca (D:2)
  18 black draconians
  An eleionoma (Swamp:4)
  2 halazid warlocks (Desolation)
  20 red draconians
  10 white draconians
  9 dire elephants
  16 green draconians
  7 spark wasps
  3 deep elf annihilators (Elf:3)
  4 bunyips
  15 purple draconians
  8 yellow draconians
  7 eidola
  3 crystal guardians (Desolation)
  A merfolk javelineer (Depths:2)
  8 deep elf death magi
  15 ettins
  A mummy priest (Crypt:3)
  2 entropy weavers (Spider:3)
  11 jiangshi
  Josephine (Lair:5)
  10 fire dragons
  An entropy weaver (shapeshifter) (WizLab)
  5 ragged hierophants (Desolation)
  17 yaktaur captains
  4 great orbs of eyes
  4 deep elf high priests
  A quicksilver dragon skeleton (Crypt:3)
  Fannar (Lair:2)
  3 rakshasas
  37 vault guards
  A jorogumo (Spider:4)
  4 servants of whispers (Desolation)
  8 spriggan air magi
  3 fenstrider witch skeletons
  3 catoblepae
  2 hell beasts
  8 peacekeepers
  7 ironbound frosthearts
  12 ice dragons
  7 alligators
  2 death knights (Crypt:2)
  17 hydras
  30 dancing weapons
  A bennu zombie (Crypt:1)
  6 two-headed ogres
  8 boulder beetles
  12 centaur warriors
  A radroach (Spider:4)
  10 deep troll earth magi
  13 deep troll shamans
  12 death yaks
  6 vampire magi
  3 hell hogs (D:9)
  6 orc high priests
  7 tengu warriors
  10 demonic crawlers
  2 soul eaters
  2 titan skeletons
  7 spriggan berserkers
  4 sun demons
  Nergalle (Lair:1)
  17 hell knights
  A skyshark (Lair:2)
  20 deep elf knights
  Amaemon (Lair:1)
  A spectral death yak (Lair:5)
  Sonja (Lair:5)
  8 pharaoh ants
  43 skeletal warriors
  A fire crab (shapeshifter) (WizLab)
  A sixfirhy (D:9)
  4 shadow wraiths (Crypt:3)
  A spectral anaconda (Lair:5)
  A death drake (shapeshifter) (Elf:3)
  20 orb spiders
  A sea snake (shapeshifter) (WizLab)
  12 iron trolls
  A spriggan druid (Swamp:4)
  An obsidian statue (Lair:5)
  14 swamp dragons
  6 glowing orange brains
  4 flayed ghosts
  4 goliath frogs
  52 deep trolls
  7 bog bodies
  An anaconda skeleton (Crypt:3)
  5 wizards
  5 deep elf archers
  A wolf spider zombie (D:15)
  A steelbarb worm (shapeshifter) (Vaults:5)
  20 necromancers
  9 orc knights
  15 phantasmal warriors
  3 steelbarb worms
  6 harpies (Vaults:1)
  17 ironbound convokers
  3 lindwurms (Vaults:3)
  2 bunyip skeletons
  A wolf spider (shapeshifter) (Depths:3)
  A mana viper (shapeshifter) (Vaults:5)
  22 deep elf pyromancers
  34 deep elf zephyrmancers
  An oklob plant (Lair:5)
  A tengu skeleton (Depths:1)
  7 orc sorcerers
  46 ugly things
  A frost giant zombie (Crypt:2)
  A fire giant zombie (Depths:1)
  A manticore (D:15)
  5 will-o-the-wisps
  24 wolf spiders
  26 moths of wrath
  22 vault sentinels
  4 guardian serpents (shapeshifter) (WizLab)
  A shadow dragon skeleton (Crypt:3)
  An eleionoma skeleton (Crypt:2)
  5 cyclopes
  Maurice (D:13)
  A centaur zombie (D:15)
  A black mamba (shapeshifter) (WizLab)
  A fire giant skeleton (Depths:1)
  A salamander (shapeshifter) (WizLab)
  A stone giant skeleton (Crypt:3)
  15 elephants
  2 black mambas
  3 torpor snails
  An ice statue (IceCv)
  2 elf zombies (Vaults:1)
  13 cane toads
  2 molten gargoyles (Desolation)
  2 cane toads (shapeshifter) (WizLab)
  3 guardian serpents
  2 orange demons
  A dire elephant zombie (Crypt:3)
  2 centaur skeletons (D:15)
  3 rime drakes (shapeshifter) (WizLab)
  3 dire elephant skeletons
  A black draconian zombie (Crypt:1)
  An efreet (D:14)
  A komodo dragon (shapeshifter) (Elf:3)
  Jeremiah (D:6)
  3 alligator snapping turtle skeletons (Crypt:3)
  40 yaktaurs
  A minotaur zombie (Crypt:3)
  An ice devil (D:11)
  A pale draconian zombie (Crypt:2)
  13 komodo dragons
  6 guardian mummies (Crypt:3)
  A rime drake (Lair:5)
  2 elves (WizLab)
  A grey draconian skeleton (Crypt:2)
  4 tengu conjurers
  A yaktaur (shapeshifter) (WizLab)
  A red devil (Depths:2)
  5 freezing wraiths
  2 queen bees (shapeshifter) (WizLab)
  An anaconda simulacrum (IceCv)
  4 bloated husks
  16 hornets
  2 polar bears (shapeshifter) (WizLab)
  2 hornets (shapeshifter) (WizLab)
  6 meliai
  A mana viper skeleton (Crypt:1)
  8 polar bears
  5 trolls
  4 harpy skeletons
  25 tarantellas
  2 raiju (shapeshifter)
  6 tyrant leeches
  A tarantella zombie (Crypt:1)
  42 saltlings (Desolation)
  2 tarantellas (shapeshifter)
  A spriggan zombie (Depths:1)
  2 stone giant simulacra
  A satyr zombie (Crypt:3)
  7 blink frogs
  6 dream sheep (Lair:5)
  27 slime creatures
  3 air elementals (Elf:3)
  2 shadows (D:11)
  2 wyverns
  4 water elementals
  4 ettin skeletons
  25 culicivoras
  17 flying skulls
  A centaur simulacrum (D:15)
  A spriggan (shapeshifter) (WizLab)
  26 jumping spiders
  59 yaks
  5 spriggan skeletons
  A black mamba zombie (Crypt:2)
  A dire elephant simulacrum (IceCv)
  15 spriggans
  A vampire (D:11)
  A wyvern (shapeshifter) (Elf:1)
  9 wraiths
  A fire bat (shapeshifter) (Elf:2)
  A basilisk (shapeshifter) (WizLab)
  4 basilisks
  4 fire elementals
  4 humans (WizLab)
  12 vampire mosquitoes
  4 death yak simulacra
  2 hogs (Spider:1)
  45 redbacks
  2 alligator snapping turtle simulacra
  2 chaos spawn
  4 wargs
  An iron golem (WizLab)
  2 spectral cane toads (Lair:5)
  A harpy simulacrum (Crypt:3)
  6 large abominations
  Edmund (D:6)
  An ogre zombie (Vaults:1)
  17 swamp worms
  A swamp worm (shapeshifter) (WizLab)
  3 acid dragons
  2 hydra simulacra (IceCv)
  A tengu zombie (Depths:1)
  A two-headed ogre zombie (Crypt:3)
  13 water moccasins
  A naga skeleton (Crypt:3)
  11 small abominations
  A black bear (shapeshifter) (WizLab)
  A demonspawn skeleton (Crypt:3)
  6 floating eyes
  33 orc warriors
  4 swamp drakes
  3 ice beasts
  2 elephant zombies (Lair:5)
  3 ogres
  2 black bears
  2 black mamba simulacra (Crypt:2)
  9 wolves
  5 boggarts (D:14)
  11 centaurs
  3 elephant skeletons (Lair:5)
  A phantom (D:4)
  A kobold brigand (D:8)
  A human zombie (Vaults:3)
  A necrophage (Crypt:2)
  2 gnoll sergeants (D:9)
  14 bullfrogs
  4 human skeletons
  5 cane toad simulacra
  A salamander skeleton (Crypt:1)
  3 two-headed ogre simulacra (IceCv)
  8 wights
  23 killer bees
  An elephant simulacrum (IceCv)
  8 howler monkeys
  4 electric eels
  A wolf skeleton (Crypt:3)
  2 lava snakes (Lair:3)
  3 jellies (Lair:4)
  4 hounds
  A basilisk zombie (Crypt:1)
  23 orc priests
  6 iguanas
  18 orc wizards
  3 polar bear simulacra (IceCv)
  6 troll simulacra (IceCv)
  8 spriggan simulacra (IceCv)
  A wolf simulacrum (IceCv)
  2 naga zombies
  A deep dwarf skeleton (Crypt:1)
  A sky beast zombie (Crypt:2)
  25 gnolls
  7 naga simulacra (IceCv)
  7 adders
  2 shadow imps
  12 white imps
  5 ufetubi
  An iguana zombie (Crypt:3)
  A worm (D:5)
  A dart slug (D:2)
  76 orcs
  8 ball pythons
  A bat skeleton (Crypt:2)
  6 endoplasms
  3 giant cockroaches
  5 goblins
  6 hobgoblins
  5 jackals (D:1)
  12 kobolds
  4 quokkas
  A ball python skeleton (Crypt:3)
  3 bats
  3 frilled lizards (D:1)
  A goblin zombie (Crypt:2)
  A hobgoblin zombie (Crypt:1)
  9 rats
  A spectral hobgoblin (D:10)
  A spectral orc (D:14)
  A butterfly (Lair:4)
2446 creatures vanquished.

Vanquished Creatures (collateral kills)
  Sojobo (Vaults:2)
  A mutant beast (WizLab)
  A storm dragon (Zot:3)
  A tengu reaver (Vaults:2)
  An emperor scorpion (Spider:4)
  A very ugly thing (WizLab)
  A broodmother (Spider:3)
  Snorg (Lair:5)
  An ironbound frostheart (Vaults:2)
  A vault guard (Vaults:2)
  A peacekeeper (Desolation)
  A centaur warrior (D:15)
  A dancing weapon (Elf:2)
  A demonic crawler (Spider:3)
  A deep troll (Vaults:2)
  A pharaoh ant (Spider:3)
  2 harpies (Vaults:1)
  2 deep elf zephyrmancers
  An orc knight (Orc:2)
  4 deep elf pyromancers
  A freezing wraith (Vaults:2)
  A yaktaur (Vaults:1)
  A troll (Vaults:1)
  A polar bear (Orc:1)
  2 saltlings (Desolation)
  A jumping spider (Spider:3)
  An air elemental (Elf:1)
  2 yaks (Orc:1)
  2 orc warriors (Orc:2)
  2 large abominations (WizLab)
  A centaur (D:15)
  2 orc priests
  3 orc wizards (Orc:2)
  A gnoll (Orc:1)
  8 orcs
54 creatures vanquished.

Vanquished Creatures (others)
  A death yak (Lair:4)
  A bog body (Swamp:1)
  A wizard (D:15)
  3 deep elf zephyrmancers
  A water elemental (Elf:2)
  A slime creature (D:14)
  An air elemental (Elf:1)
  A swamp worm (Swamp:4)
  A killer bee (D:7)
  An orc (Orc:2)
  2 ball lightnings (Swamp:2)
  9 foxfires
  86 spectral weapons
109 creatures vanquished.

Grand Total: 2609 creatures vanquished

Notes
Turn   | Place    | Note
-------+----------+-------------------------------------------
     0 | D:1      | DocSulfur the Formicid Berserker began the quest for the
                  | Orb.
     0 | D:1      | Reached XP level 1. HP: 18/18 MP: 1/1
   138 | D:1      | Reached XP level 2. HP: 21/24 MP: 2/2
   410 | D:1      | Reached XP level 3. HP: 29/29 MP: 3/3
   610 | D:1      | Reached ** piety under Trog
   709 | D:1      | Found a faded altar of an unknown god.
  1106 | D:2      | Reached XP level 4. HP: 35/35 MP: 4/4
  1119 | D:2      | You fall into a shaft and drop 2 floors!
  1271 | D:4      | Reached skill level 5 in Polearms
  1271 | D:4      | Reached XP level 5. HP: 34/41 MP: 5/5
  1310 | D:4      | Found a white marble altar of Elyvilon.
  1494 | D:2      | Identified the +4 ring mail of the Swamp {Will+ Int-5
                  | Slay+3 SInv}
  1699 | D:2      | Reached XP level 6. HP: 48/48 MP: 6/6
  2225 | D:3      | Found an ornate altar of the Wu Jian Council.
  2234 | D:3      | Found a blossoming altar of Fedhas.
  2345 | D:3      | Reached *** piety under Trog
  2781 | D:4      | Reached XP level 7. HP: 54/55 MP: 7/7
  3077 | D:5      | Entered Level 5 of the Dungeon
  3102 | D:5      | Reached skill level 5 in Fighting
  3102 | D:5      | Reached skill level 1 in Throwing
  3221 | D:5      | Found a staircase to the Ecumenical Temple.
  3228 | Temple   | Found a transporter.
  3228 | Temple   | Found a transporter.
  3228 | Temple   | Found a transporter.
  3228 | Temple   | Found a transporter.
  3228 | Temple   | Entered the Ecumenical Temple
  3292 | D:5      | Reached XP level 8. HP: 38/63 MP: 8/8
  4080 | D:6      | Found a runed translucent door.
  4081 | D:6      | Noticed Crazy Yiuf
  4237 | D:6      | Noticed Edmund
  4244 | D:6      | Killed Edmund
  4245 | D:6      | Reached skill level 1 in Stealth
  4408 | D:6      | Reached **** piety under Trog
  4409 | D:6      | Noticed Jeremiah
  4425 | D:6      | Killed Jeremiah
  4426 | D:6      | Reached XP level 9. HP: 52/69 MP: 9/9
  4738 | D:7      | Found a radiant altar of Vehumet.
  5013 | D:7      | Reached skill level 5 in Stealth
  5105 | D:7      | Reached skill level 10 in Polearms
  5845 | D:8      | Found a staircase to the Lair.
  5972 | D:8      | Reached skill level 1 in Shields
  5972 | D:8      | Reached XP level 10. HP: 76/76 MP: 10/10
  6472 | D:9      | Found a burning altar of Makhleb.
  6484 | D:9      | Identified the +0 robe "Sautot" {rF+ Dex+4}
  6532 | D:9      | Noticed a two-headed ogre
  6561 | D:9      | Reached skill level 1 in Evocations
  6578 | D:9      | Killed a two-headed ogre
  6976 | D:9      | Reached ***** piety under Trog
  6980 | D:9      | Noticed a two-headed ogre
  6998 | D:9      | Killed a two-headed ogre
  6999 | D:9      | Reached skill level 5 in Shields
  7062 | D:9      | Found a stormy altar of Qazlal.
  7624 | D:9      | Reached skill level 5 in Evocations
  8041 | D:10     | Entered Level 10 of the Dungeon
  8106 | D:10     | Noticed a two-headed ogre
  8113 | D:10     | Killed a two-headed ogre
  8114 | D:10     | Reached XP level 11. HP: 81/81 MP: 11/11
  8486 | D:10     | Found a hazy altar of Hepliaklqana.
  8489 | D:10     | Received a gift from Trog
  8664 | D:10     | Reached skill level 10 in Shields
  9724 | D:11     | Found a staircase to the Orcish Mines.
 10366 | D:12     | Identified the ring "Docyxkar" {Int+4 SInv}
 10486 | D:12     | Reached XP level 12. HP: 88/88 MP: 12/12
 10844 | D:12     | Noticed a two-headed ogre
 10857 | D:12     | Killed a two-headed ogre
 11410 | Lair:1   | Entered Level 1 of the Lair of Beasts
 11416 | Lair:1   | Noticed Nergalle
 11466 | Lair:1   | Noticed Amaemon
 11628 | Lair:1   | Killed Amaemon
 12653 | Lair:1   | Killed Nergalle
 12768 | Lair:2   | Noticed a death yak
 12768 | Lair:2   | Noticed a death yak
 12913 | Lair:2   | Noticed Fannar
 13016 | Lair:2   | Killed Fannar
 13154 | Lair:2   | Reached XP level 13. HP: 96/96 MP: 13/13
 13493 | Lair:2   | Reached skill level 5 in Throwing
 13680 | Lair:2   | Found a hole to the Spider Nest.
 14125 | Lair:2   | Noticed a seven-headed hydra
 14199 | Lair:2   | Killed a seven-headed hydra
 14199 | Lair:2   | Received a gift from Trog
 14730 | Lair:3   | Found a staircase to the Swamp.
 15031 | Lair:3   | Reached skill level 15 in Shields
 15264 | Lair:3   | Reached XP level 14. HP: 108/109 MP: 14/14
 15768 | Lair:3   | Reached skill level 15 in Polearms
 17162 | Lair:4   | Found a staircase to the Slime Pits.
 17656 | Lair:5   | Entered Level 5 of the Lair of Beasts
 17782 | Lair:5   | Found a basalt altar of Yredelemnul.
 18075 | Lair:5   | Noticed Snorg
 18081 | Lair:5   | Received a gift from Trog
 18115 | Lair:5   | Killed Snorg
 18291 | Lair:5   | Noticed Josephine
 18302 | Lair:5   | Killed Josephine
 18829 | Lair:5   | Noticed Sonja
 18832 | Lair:5   | Killed Sonja
 18995 | Lair:5   | Noticed a dire elephant
 18996 | Lair:5   | Noticed a dire elephant
 18997 | Lair:5   | Noticed a dire elephant
 19022 | Lair:5   | Reached XP level 15. HP: 115/115 MP: 15/15
 19507 | Lair:5   | Identified the +5 dagger "Uneweumm" {heavy, rC+}
 20246 | Orc:1    | Entered Level 1 of the Orcish Mines
 20271 | Orc:1    | Found a frozen archway.
 20279 | Orc:1    | Reached skill level 10 in Throwing
 20309 | IceCv    | Entered an ice cave
 20508 | IceCv    | Identified the +5 spear of the Establishment {flame, Will+
                  | Int-5 Dex+5 SInv} (Trog gifted it to you in an ice cave)
 20508 | IceCv    | Received a gift from Trog
 20827 | IceCv    | Identified the +3 morningstar "Jalu" {flame, Dex+4 Stlth+}
 22103 | Orc:2    | Entered Level 2 of the Orcish Mines
 22363 | Orc:2    | Received a gift from Trog
 22992 | Orc:2    | Found a staircase to the Elven Halls.
 23159 | Orc:2    | Reached XP level 16. HP: 84/121 MP: 0/16
 23297 | Orc:2    | Found Unifoon's Book Emporium.
 23399 | Orc:2    | Found Gupom's Distillery.
 23404 | Orc:2    | Found Neakisis's Distillery.
 23406 | Orc:2    | Found Wemusypp's Assorted Antiques.
 23643 | D:13     | Identified the +1 scale mail of Aceguf {Drain rElec rF++
                  | Dex+2}
 23705 | D:13     | Received a gift from Trog
 24001 | D:13     | Found a gate to the Vaults.
 24076 | D:13     | Noticed Maurice
 24084 | D:13     | Killed Maurice
 24381 | D:14     | Found a sparkling altar of Nemelex Xobeh.
 25249 | D:14     | Noticed Jorgrun
 25275 | D:14     | Killed Jorgrun
 25618 | D:14     | Found a basalt altar of Yredelemnul.
 26187 | D:15     | Entered Level 15 of the Dungeon
 26430 | D:15     | Found a hide-covered altar of Uskayaw.
 26436 | D:15     | Reached skill level 5 in Armour
 27079 | D:15     | Found a staircase to the Depths.
 27637 | Spider:1 | Entered Level 1 of the Spider Nest
 27641 | Spider:1 | Noticed Aizul
 27726 | Swamp:1  | Entered Level 1 of the Swamp
 27726 | Swamp:1  | Noticed a thorn hunter
 27733 | Swamp:1  | Killed a thorn hunter
 27902 | Lair:3   | Upgraded the game from 0.31-a0-799-g6bc09d010c to
                  | 0.31-a0-803-g95b03c3367
 27953 | Swamp:1  | Reached skill level 5 in Dodging
 28274 | Swamp:1  | Noticed Donald
 28304 | Swamp:1  | Noticed a thorn hunter
 28306 | Swamp:1  | Killed Donald
 28307 | Swamp:1  | Reached XP level 17. HP: 61/127 MP: 13/17
 28318 | Swamp:1  | Killed a thorn hunter
 30951 | Swamp:4  | Entered Level 4 of the Swamp
 31977 | Swamp:4  | Noticed the 27-headed Lernaean hydra
 31981 | Swamp:4  | Killed the 27-headed Lernaean hydra
 32234 | Swamp:4  | Reached skill level 10 in Armour
 32245 | Swamp:4  | Reached ****** piety under Trog
 32530 | Swamp:4  | Got a decaying rune of Zot
 32904 | Orc:2    | Bought a potion of ambrosia for 96 gold pieces
 32904 | Orc:2    | Bought a potion of cancellation for 96 gold pieces
 32904 | Orc:2    | Bought a potion of heal wounds for 60 gold pieces
 32904 | Orc:2    | Bought a potion of curing for 36 gold pieces
 32904 | Orc:2    | Bought a potion of mutation for 96 gold pieces
 32912 | Orc:2    | Bought a potion of attraction for 45 gold pieces
 32912 | Orc:2    | Bought a potion of enlightenment for 75 gold pieces
 32912 | Orc:2    | Bought a potion of curing for 45 gold pieces
 32912 | Orc:2    | Bought a potion of might for 60 gold pieces
 32912 | Orc:2    | Bought a potion of curing for 45 gold pieces
 32922 | Orc:2    | Bought a lightning rod (4/4) for 880 gold pieces
 33164 | Lair:2   | Identified the +1 spear "Blob" {heavy, rElec rPois Int-3}
                  | (Trog gifted it to you on level 2 of the Lair of Beasts)
 33164 | Lair:2   | Received a gift from Trog
 33165 | Lair:2   | Reached XP level 18. HP: 99/134 MP: 12/18
 33261 | Lair:2   | Killed Aizul
 34015 | Spider:1 | Noticed Kirke
 34052 | Spider:1 | Killed Kirke
 34052 | Spider:1 | Received a gift from Trog
 34877 | Spider:2 | Identified the +4 sling of Tuciym Mol {speed, rElec}
 35018 | Spider:2 | Reached skill level 10 in Dodging
 36186 | Spider:4 | Entered Level 4 of the Spider Nest
 37006 | Spider:3 | Reached XP level 19. HP: 132/140 MP: 14/19
 37012 | Spider:3 | Received a gift from Trog
 37117 | Spider:3 | Identified the -2 robe of Meod {Int+3}
 37118 | Spider:3 | Identified the +1 robe "Rinopix" {rElec rF+ rC- rCorr}
 37160 | Spider:3 | Identified the amulet of Red Wine {Spirit Str+2 Int-5
                  | Dex+4}
 38976 | Spider:3 | Reached skill level 10 in Fighting
 39330 | Spider:4 | Noticed Roxanne
 40410 | Spider:4 | Received a gift from Trog
 40564 | Spider:4 | Reached skill level 1 in Staves
 40734 | Spider:4 | Got a gossamer rune of Zot
 40745 | Spider:4 | Identified the +0 hat of Paschus {rC- Regen+ Str+2 Dex+4}
 40751 | Spider:4 | Identified the +0 pair of gloves of Gagret {rPois rF+ Dex+2
                  | Slay+3}
 41253 | Orc:2    | Bought a scroll of enchant armour for 165 gold pieces
 41253 | Orc:2    | Bought a scroll of enchant armour for 165 gold pieces
 41253 | Orc:2    | Bought a potion of resistance for 220 gold pieces
 41412 | Elf:1    | Entered Level 1 of the Elven Halls
 42451 | Elf:1    | Found a transporter.
 42451 | Elf:1    | Found Opteagh's Assorted Antiques.
 42610 | Elf:1    | Received a gift from Trog
 42715 | Elf:1    | Reached skill level 10 in Evocations
 42809 | Elf:1    | Reached XP level 20. HP: 87/153 MP: 20/20
 43294 | Abyss:2  | Cast into level 2 of the Abyss (a deep elf demonologist)
 43385 | Elf:1    | Escaped the Abyss
 43386 | Elf:1    | Received a gift from Trog
 43403 | Elf:1    | Found a transporter.
 44313 | Elf:2    | Found a runed translucent door.
 44338 | Elf:2    | Noticed Ontoju Zobb's ghost (adept FeSu)
 44338 | Elf:2    | Found the +5 robe of Night {Dark Will+ SInv}
 44464 | Elf:2    | Found a huge runed translucent gate.
 44464 | Elf:2    | Found a huge runed translucent gate.
 44464 | Elf:2    | Found a huge runed translucent gate.
 44464 | Elf:2    | Found a huge runed translucent gate.
 44464 | Elf:2    | Found a huge runed translucent gate.
 44522 | Elf:2    | Found Zotudeoh's Antique Armour Shoppe.
 44525 | Elf:2    | Identified the +1 cloak of Dim Light {Rampage}
 44532 | Elf:2    | Bought a runed scarf for 176 gold pieces
 45309 | Elf:2    | Received a gift from Trog
 45826 | Elf:3    | Entered Level 3 of the Elven Halls
 45851 | Elf:3    | Found Orphipup's Weapon Shop.
 45859 | Elf:3    | Bought the +5 scythe "Finisher" {speed, execute} for 660
                  | gold pieces
 45859 | Elf:3    | Found the +5 scythe "Finisher" {speed, execute}
 46992 | Elf:3    | Identified the +2 falchion of Adverse Possession {drain,
                  | *Noise rF++ rCorr Dex+2}
 47092 | Elf:3    | Received a gift from Trog
 47195 | Elf:3    | Reached XP level 21. HP: 109/166 MP: 21/21
 47340 | Elf:3    | Identified the ring of Ymag Wun {rF+ Int+6 SInv}
 47413 | Elf:3    | Identified the +7 glaive "Pesul" {spect, rElec rPois Str-3
                  | Int+3}
 47421 | Elf:3    | Identified the +8 broad axe of Kexegh {venom, Contam rF+
                  | Str+3 Dex+4}
 47421 | Elf:3    | Identified the amulet "Qeunul" {RegenMP rF+ rN++ Dex+3
                  | Slay-4}
 47475 | Elf:3    | Identified a scroll of acquirement
 47492 | Elf:3    | Reached skill level 15 in Fighting
 47553 | Elf:3    | Got a glossy book
 47605 | Elf:3    | Acquired the +7 lajatang of Order {silver, rMut}
 47605 | Elf:3    | Found the +7 lajatang of Order {silver, rMut}
 47635 | Elf:3    | Identified the +1 mace of Ysamuilu {freeze, Fragile rPois
                  | rF+++ rC++}
 48025 | Vaults:1 | Entered Level 1 of the Vaults
 48062 | Vaults:1 | Identified the +5 falchion of Dolur {flame, rF+ Int+5}
 48222 | Vaults:1 | Identified the +6 short sword of Zecofem {protect, rF+
                  | Int+3 Stlth+}
 48380 | Vaults:1 | Received a gift from Trog
 48469 | Vaults:1 | Found a magical portal.
 48478 | WizLab   | Entered Cigotuvi's Fleshworks
 49372 | WizLab   | Got a lithographed book
 49394 | WizLab   | Received a gift from Trog
 49921 | WizLab   | Found the -2 hat of the Alchemist {rElec rPois rF+ rC+ rN+
                  | Will+ rMut rCorr}
 49953 | WizLab   | Gained mutation: You expend magic power (3 MP) to
                  | strengthen your wands. [potion of mutation]
 49953 | WizLab   | Gained mutation: You have sharp toenails. [potion of
                  | mutation]
 49953 | WizLab   | Gained mutation: Your muscles are strong. (Str +4, Int/Dex
                  | -1) [potion of mutation]
 50352 | Vaults:1 | Noticed Saint Roka
 50364 | Vaults:1 | Received a gift from Trog
 50429 | Vaults:1 | Killed Saint Roka
 50700 | Vaults:1 | Reached XP level 22. HP: 175/182 MP: 22/22
 51177 | Vaults:2 | Found a portal to a secret trove of treasure.
 51788 | Vaults:2 | Received a gift from Trog
 52088 | Vaults:2 | Noticed Sojobo
 52106 | Vaults:2 | Killed Sojobo
 52486 | Vaults:2 | Noticed a golden dragon
 52533 | Vaults:2 | Killed a golden dragon
 52807 | Vaults:2 | Noticed a golden dragon
 52810 | Vaults:2 | Killed a golden dragon
 53027 | Vaults:2 | Identified the staff "Idwitat" {rElec rF+ rC+ Will+ Fire}
 53208 | Vaults:3 | Received a gift from Trog
 53323 | Vaults:3 | Found a glowing golden altar of the Shining One.
 53323 | Vaults:3 | Found a glowing silver altar of Zin.
 53323 | Vaults:3 | Found a crumbling gateway.
 53330 | Vaults:3 | Found a white marble altar of Elyvilon.
 53518 | Desolati | Entered the Desolation of Salt
 53712 | Desolati | Got a foxed book
 53713 | Desolati | Identified the +7 great sword of Success {venom, Fragile
                  | rF+ rN++ rCorr}
 53769 | Desolati | Reached XP level 23. HP: 200/200 MP: 23/23
 53778 | Desolati | Identified the +5 robe of Youthful Indiscretion {*Slow
                  | Will+ rCorr}
 53973 | Desolati | Found the +9 sword of Zonguldrok {reap}
 54027 | Desolati | Identified the +6 scale mail "Itziriol" {Dex+5 Slay+2}
 54051 | Desolati | Received a gift from Trog
 54118 | Desolati | Identified the +0 plate armour of the Wheelwright {rC+
                  | Will++}
 54120 | Desolati | Identified the amulet of Zujiqed {rF+ Regen+ Str+3}
 54190 | Desolati | Got an inconspicuous book
 54277 | Desolati | Identified the +5 arbalest of the Beginning {antimagic,
                  | rCorr Int-2 Stlth+}
 54615 | Vaults:3 | Found a staircase to the Crypt.
 55695 | Vaults:5 | Entered Level 5 of the Vaults
 56049 | Vaults:4 | Found Ceug's Weapon Shop.
 56223 | Vaults:4 | Received a gift from Trog
 56955 | Vaults:4 | Reached XP level 24. HP: 207/215 MP: 23/23
 57427 | Vaults:2 | You paid a toll of 5 scrolls of fog to enter a treasure
                  | trove
 57428 | Trove    | Entered a treasure trove
 57596 | Depths:1 | Entered Level 1 of the Depths
 57613 | Depths:1 | You are sucked into a shaft and drop 1 floor!
 57616 | Depths:2 | You are sucked into a shaft and drop 1 floor!
 57666 | Depths:3 | Found Qunayxos's Distillery.
 57733 | Depths:3 | Bought a potion of curing for 69 gold pieces
 57733 | Depths:3 | Bought a potion of heal wounds for 115 gold pieces
 57767 | Depths:3 | Found a gateway to Hell.
 57876 | Depths:3 | Found Yfiut's Antique Armour Shoppe.
 57912 | Depths:2 | Noticed a caustic shrike
 57923 | Depths:2 | Killed a caustic shrike
 57924 | Depths:2 | Reached skill level 15 in Armour
 58325 | Depths:2 | Received a gift from Trog
 58333 | Depths:2 | Acquired the +5 tower shield "Keshoucw" {Slay+2}
 58623 | Depths:2 | Found a one-way gate leading to the halls of Pandemonium.
 58786 | Depths:2 | Found a runed translucent gate.
 58786 | Depths:2 | Found a runed translucent gate.
 58786 | Depths:2 | Found a runed translucent gate.
 58787 | Depths:2 | Noticed Supniafala's ghost (adept HOMo)
 58803 | Depths:2 | Found a one-way gate to the infinite horrors of the Abyss.
 58809 | Depths:2 | Found an ornate altar of the Wu Jian Council.
 59030 | Depths:2 | Reached XP level 25. HP: 221/221 MP: 23/23
 59079 | Depths:2 | Found a one-way gateway to a ziggurat.
 59161 | Depths:2 | Found Waveun's Specific Store.
 59163 | Depths:2 | Found Qod Mone's General Store.
 59167 | Depths:2 | Bought a potion of curing for 39 gold pieces
 59414 | Depths:2 | Found a glowing silver altar of Zin.
 59955 | Depths:1 | Found an ancient bone altar of Kikubaaqudgha.
 60059 | Depths:1 | Found a sacrificial altar of Ru.
 60230 | Depths:3 | Received a gift from Trog
 60403 | Depths:3 | Noticed the Enchantress
 60415 | Depths:3 | Killed the Enchantress
 60469 | Depths:3 | Noticed a caustic shrike
 60486 | Depths:3 | Killed a caustic shrike
 60581 | Depths:3 | Noticed a caustic shrike
 60598 | Depths:3 | Noticed a caustic shrike
 60608 | Depths:3 | Killed a caustic shrike
 60624 | Depths:3 | Killed a caustic shrike
 60841 | Depths:3 | Noticed a juggernaut
 60854 | Depths:3 | Killed a juggernaut
 60878 | Depths:3 | Identified the staff of the Open Hand {rPois rN+ Int-4
                  | Dex+6 Necro}
 61042 | Depths:3 | Found Waovadi's Jewellery Shop.
 61120 | Depths:3 | Found a white marble altar of Elyvilon.
 61168 | Depths:3 | Found a corrupted altar of Lugonu.
 61435 | Depths:4 | Entered Level 4 of the Depths
 61439 | Depths:4 | Received a gift from Trog
 61481 | Depths:4 | Noticed a juggernaut
 61489 | Depths:4 | Killed a juggernaut
 61986 | Depths:4 | Noticed a caustic shrike
 61986 | Depths:4 | Noticed a caustic shrike
 61986 | Depths:4 | Noticed a caustic shrike
 61987 | Depths:4 | Noticed a caustic shrike
 61987 | Depths:4 | Noticed a caustic shrike
 62000 | Depths:4 | Killed a caustic shrike
 62004 | Depths:4 | Killed a caustic shrike
 62019 | Depths:4 | Killed a caustic shrike
 62020 | Depths:4 | Reached XP level 26. HP: 133/225 MP: 23/23
 62421 | Depths:4 | Found a gate to the Realm of Zot.
 62776 | Depths:3 | Bought the amulet of the Four Winds {rN+ Will+++ Clar} for
                  | 1396 gold pieces
 62776 | Depths:3 | Found the amulet of the Four Winds {rN+ Will+++ Clar}
 63027 | Crypt:1  | Entered Level 1 of the Crypt
 63223 | Crypt:1  | Received a gift from Trog
 63458 | Crypt:1  | Found the +8 Vampire's Tooth {megavamp}
 64309 | Crypt:2  | Received a gift from Trog
 64700 | Crypt:3  | Entered Level 3 of the Crypt
 64710 | Crypt:2  | Lost mutation: You expend magic power (3 MP) to strengthen
                  | your wands. [potion of mutation]
 64710 | Crypt:2  | Lost mutation: You have sharp toenails. [potion of
                  | mutation]
 64710 | Crypt:2  | Gained mutation: You have sharp fingernails. [potion of
                  | mutation]
 64711 | Crypt:2  | Lost mutation: Your muscles are strong. (Str +4, Int/Dex
                  | -1) [potion of mutation]
 64711 | Crypt:2  | Lost mutation: You have sharp fingernails. [potion of
                  | mutation]
 64711 | Crypt:2  | Gained mutation: You are clumsy. (Dex -2) [potion of
                  | mutation]
 64711 | Crypt:2  | Gained mutation: You occasionally shout uncontrollably at
                  | your foes. [potion of mutation]
 64711 | Crypt:2  | Gained mutation: You expend magic power (3 MP) to
                  | strengthen your wands. [potion of mutation]
 64712 | Crypt:2  | Lost mutation: You occasionally shout uncontrollably at
                  | your foes. [potion of mutation]
 64712 | Crypt:2  | Lost mutation: You expend magic power (3 MP) to strengthen
                  | your wands. [potion of mutation]
 64712 | Crypt:2  | Lost mutation: You are clumsy. (Dex -2) [potion of
                  | mutation]
 64712 | Crypt:2  | Gained mutation: Your skin changes colour to match your
                  | surroundings (Stealth+). [potion of mutation]
 64712 | Crypt:2  | Gained mutation: Your mind is acute. (Int +4, Str/Dex -1)
                  | [potion of mutation]
 64712 | Crypt:2  | Lost mutation: Your mind is acute. (Int +4, Str/Dex -1)
                  | [potion of mutation]
 64713 | Crypt:2  | Lost mutation: Your skin changes colour to match your
                  | surroundings (Stealth+). [potion of mutation]
 64713 | Crypt:2  | Gained mutation: You occasionally lose the ability to drink
                  | potions when taking damage. [potion of mutation]
 64713 | Crypt:2  | Gained mutation: You are partially covered in iridescent
                  | scales. (AC +2) [potion of mutation]
 64714 | Crypt:2  | Lost mutation: You are partially covered in iridescent
                  | scales. (AC +2) [potion of mutation]
 64714 | Crypt:2  | Lost mutation: You occasionally lose the ability to drink
                  | potions when taking damage. [potion of mutation]
 64714 | Crypt:2  | Gained mutation: You occasionally lose the ability to read
                  | scrolls when taking damage. [potion of mutation]
 64715 | Crypt:2  | Lost mutation: You occasionally lose the ability to read
                  | scrolls when taking damage. [potion of mutation]
 64715 | Crypt:2  | Gained mutation: Your flesh is cold resistant. (rC+)
                  | [potion of mutation]
 64715 | Crypt:2  | Gained mutation: Your muscles are strong. (Str +4, Int/Dex
                  | -1) [potion of mutation]
 65156 | Crypt:3  | Acquired a +1 heavy bardiche
 65704 | Crypt:3  | Received a gift from Trog
 65823 | Crypt:3  | Identified the +6 orcbow of Resourcefulness {freeze, Int+4}
 65849 | Crypt:3  | Found a staircase to the Tomb.
 65940 | Crypt:3  | Reached XP level 27. HP: 238/238 MP: 23/23
 66074 | Crypt:3  | Found an ancient bone altar of Kikubaaqudgha.
 66153 | Crypt:3  | Identified the +0 chain mail of Xul Ecso {rElec rF+}
 66153 | Crypt:3  | Identified the ring of Salvation {rC+ rCorr}
 66524 | Crypt:3  | Received a gift from Trog
 66603 | Crypt:3  | Got a sooty book
 67015 | Vaults:4 | You are sucked into a shaft and drop 1 floor!
 67182 | Vaults:5 | Identified the +0 plate armour "Cauhocir" {Rampage rN+++
                  | Int-3 Dex-5}
 67845 | Vaults:5 | Received a gift from Trog
 67894 | Vaults:5 | Identified the ring "Moevviuc" {rElec rC- Str+6 Int+10}
 68161 | Vaults:5 | Identified the ring "Ocun" {rElec MP+9 Dex+4}
 68380 | Vaults:5 | Got a glossy book
 68391 | Vaults:5 | Identified the +1 leather armour of the Freezing Gods
                  | {Harm}
 68402 | Vaults:5 | Identified the ring of Scepticism {rElec rN+ Dex+3}
 68405 | Vaults:5 | Identified the staff "Heorei" {rC+ rCorr Str+3 Int+4 Ice}
 68500 | Vaults:5 | Identified the +5 short sword of Xom's Supremacy {flame,
                  | rC+ Str+5}
 68593 | Vaults:5 | Reached skill level 27 in Shields
 68607 | Vaults:5 | Identified the amulet of New Discoveries {RegenMP Rampage
                  | rN+ rCorr}
 68643 | Vaults:5 | Got a silver rune of Zot
 68702 | Vaults:5 | Got a dusty book
 69393 | Zot:1    | Entered Level 1 of the Realm of Zot
 69851 | Zot:1    | Noticed Vv
 69868 | Zot:1    | Killed Vv
 70493 | Zot:1    | Received a gift from Trog
 71570 | Zot:2    | Reached skill level 5 in Staves
 71984 | Zot:2    | Found the +2 pair of slick slippers {slick, slippery, EV+4}
 72029 | Zot:2    | Noticed an orb of fire
 72668 | Zot:2    | Killed an orb of fire
 73092 | Zot:3    | Received a gift from Trog
 73365 | Zot:3    | Noticed a Killer Klown
 73378 | Zot:3    | Killed a Killer Klown
 74189 | Zot:4    | Noticed an orb of fire
 74196 | Zot:3    | Killed an orb of fire
 74640 | Zot:4    | Received a gift from Trog
 74785 | Zot:4    | Reached skill level 27 in Fighting
 74961 | Zot:4    | Noticed a Killer Klown
 74966 | Zot:4    | Noticed a dread lich
 74978 | Zot:4    | Killed a dread lich
 74981 | Zot:4    | Noticed a Killer Klown
 74990 | Zot:4    | Killed a Killer Klown
 74998 | Zot:4    | Killed a Killer Klown
 75017 | Zot:4    | Noticed a Killer Klown
 75020 | Zot:4    | Killed a Killer Klown
 75020 | Zot:4    | Noticed a Killer Klown
 75023 | Zot:4    | Killed a Killer Klown
 75023 | Zot:4    | Noticed a Killer Klown
 75024 | Zot:4    | Reached skill level 10 in Staves
 75026 | Zot:4    | Killed a Killer Klown
 75535 | Zot:5    | Entered Level 5 of the Realm of Zot
 75688 | Zot:5    | Found a transporter.
 75699 | Zot:5    | Found a transporter.
 75924 | Zot:5    | Found a transporter.
 75930 | Zot:5    | Found a transporter.
 76180 | Zot:5    | Noticed an ancient lich
 76183 | Zot:5    | Killed an ancient lich
 76188 | Zot:5    | Noticed an orb of fire
 76192 | Zot:5    | Gained mutation: Your body sometimes deteriorates upon
                  | taking damage. [an orb of fire]
 76193 | Zot:5    | Killed an orb of fire
 76198 | Zot:5    | Noticed an orb of fire
 76198 | Zot:5    | Noticed an orb of fire
 76198 | Zot:5    | Gained mutation: Your spells are a little easier to cast,
                  | but a little less powerful. [an orb of fire]
 76208 | Zot:5    | Killed an orb of fire
 76209 | Zot:5    | Gained mutation: You are vulnerable to heat. (rF-) [an orb
                  | of fire]
 76212 | Zot:5    | Killed an orb of fire
 76215 | Zot:5    | Noticed an orb of fire
 76219 | Zot:5    | Killed an orb of fire
 76219 | Zot:5    | Noticed a dread lich
 76222 | Zot:5    | Killed a dread lich
 76223 | Zot:5    | Noticed an orb of fire
 76229 | Zot:5    | Killed an orb of fire
 76229 | Zot:5    | Noticed an orb of fire
 76233 | Zot:5    | Killed an orb of fire
 76233 | Zot:5    | Noticed an orb of fire
 76234 | Zot:5    | Gained mutation: Your system is resistant to poisons.
                  | (rPois) [an orb of fire]
 76236 | Zot:5    | Killed an orb of fire
 76239 | Zot:5    | Noticed an ancient lich
 76244 | Zot:5    | Killed an ancient lich
 76285 | Zot:5    | Lost mutation: Your body sometimes deteriorates upon taking
                  | damage. [potion of mutation]
 76285 | Zot:5    | Lost mutation: You are vulnerable to heat. (rF-) [potion of
                  | mutation]
 76285 | Zot:5    | Lost mutation: Your flesh is cold resistant. (rC+) [potion
                  | of mutation]
 76285 | Zot:5    | Lost mutation: Your system is resistant to poisons. (rPois)
                  | [potion of mutation]
 76285 | Zot:5    | Gained mutation: Armour fits poorly on your strangely
                  | shaped body. [potion of mutation]
 76285 | Zot:5    | Gained mutation: You are frail. (-10% HP) [potion of
                  | mutation]
 76285 | Zot:5    | Gained mutation: You are partially covered in iridescent
                  | scales. (AC +2) [potion of mutation]
 76286 | Zot:5    | Lost mutation: Armour fits poorly on your strangely shaped
                  | body. [potion of mutation]
 76286 | Zot:5    | Lost mutation: Your spells are a little easier to cast, but
                  | a little less powerful. [potion of mutation]
 76286 | Zot:5    | Gained mutation: You are somewhat resistant to further
                  | mutation. [potion of mutation]
 76416 | Zot:5    | Noticed a Killer Klown
 76455 | Zot:5    | Killed a Killer Klown
 76592 | Zot:5    | Noticed an orb of fire
 76601 | Zot:5    | Killed an orb of fire
 77005 | Zot:5    | Noticed a Killer Klown
 77005 | Zot:5    | Noticed a Killer Klown
 77018 | Zot:5    | Killed a Killer Klown
 77023 | Zot:5    | Killed a Killer Klown
 77138 | Zot:5    | Got the Orb of Zot
 77383 | Depths:4 | Noticed Boerax the pandemonium lord
 77804 | D:$      | Escaped with the Orb!

Illustrated notes

Levels and vault maps discovered:
D:1:      dpeg_arrival_ratfight, layout_basic, nicolae_ecumenical_lake_church
D:2:      layout_basic
D:3:      layout_loops_cross, mainiacjoe_overflow_swirl,
          chequers_serial_rivers_micro_e, st_stairs_2
D:4:      layout_rooms, lemuel_doored_altar
D:5:      layout_loops_ring, minmay_temple_entry_steel_oval, grunt_ministairs_6
D:6:      layout_cave_pools, uniq_edmund, uniq_jeremiah, uniq_crazy_yiuf_cottage
D:7:      layout_loops_cross, fiery_altar_vehumet
D:8:      layout_loops_corners, lair_entry_dummy
D:9:      layout_long_grid, marbit_many_paths, bloody_makhleb
D:10:     layout_cave_pools, nicolae_hepliaklqana_monster_ancestors
D:11:     layout_basic, david_orc_2
D:12:     layout_cave_pools, hangedman_abyss_or_decor_stabs
D:13:     layout_loops_cross, david_vaults_4, uniq_maurice
D:14:     layout_basic, nemelex_spade_bored_becter, kennysheep_cross_bottleneck,
          grunt_ministairs_1, yredelemnul_forgotten_temple_becter, uniq_jorgrun
D:15:     grunt_enter_depths_magical_seal, layout_cave_pools,
          nicolae_uskayaw_murder_on_the_dancefloor
Temple:   hellmonk_temple_divided_pantheon
Lair:1:   layout_cave_pods, uniq_amaemon, uniq_nergalle
Lair:2:   layout_gridlike, spider_nest_entry_rubble, uniq_fannar
Lair:3:   layout_chaotic_city, swamp_mist
Lair:4:   layout_regular_city, nicolae_slime_entry_field_trip,
          grunt_forest_stairs_clearing, grunt_megastairs_1, lemuel_fruit_fields
Lair:5:   due_jungle_book, layout_loops_ring, chequers_serial_rivers_room_b,
          chequers_serial_rivers_small_3, lemuel_oklob_altar, lemuel_fruit_tree,
          uniq_snorg, uniq_josephine, uniq_sonja
Swamp:1:  layout_basic_swamp, evilmike_swamp_ruin_rubble_2, uniq_donald
Swamp:2:  layout_falls_marsh, hangedman_swamp_blocks, swamp_pool3,
          nicolae_swamp_triple_paths, hangedman_swamp_phenomena
Swamp:3:  layout_basic_swamp, evilmike_swamp_ruin_rubble_1,
          infiniplex_staircase_pool
Swamp:4:  swamp_basic_johnstein, layout_basic_swamp
Spider:1: layout_spider_delve, uniq_aizul, uniq_kirke
Spider:2: layout_spider_delve, hangedman_spider_tarantella_strand
Spider:3: layout_cave_pods, hellmonk_motheaten_closet
Spider:4: spider_rune_water, uniq_roxanne
Orc:1:    layout_diamond_mine, portal_ice_cave_entry_animals_and_master
Orc:2:    st_orc_elflike, layout_diamond_mine
Elf:1:    minmay_elf_arrival_plus, layout_geoelf_octagon, serial_shops,
          nicolae_shop_drivethru, hangedman_elven_crosses_minicolossus
Elf:2:    elven_hall_of_blades_hangedman_alternative
          [nicolae_blade_little_rooms], layout_geoelf_grid,
          ebering_ghost_reflecting_pool, serial_shops, shop
Elf:3:    grunt_elf_hall_asides, layout_gridlike, serial_shops, shop,
          onia_ninara_cookie
Vaults:1: mu_enter_wizlab_3, nicolae_vaults_weapon_check, vaults_room_pools,
          vaults_room_door_ring, nicolae_vaults_sesquioval_fish,
          grunt_vaults_funnel, ontoclasm_vaults_ligature,
          nicolae_vaults_little_squares_5, vaults_dpeg_ring,
          vaults_room_grunt_arrival_checkpoint,
          nicolae_vaults_door_testing_chamber, vaults_dpeg_encased_lava,
          vaults_room_grid, layout_vaults_chaotic_city, uniq_saint_roka
Vaults:2: vaults_mumra_hexcomb, st_greater_box_5, nicolae_vaults_double_plus_2,
          nicolae_vaults_closet_pinwheel_1, ontoclasm_vaults_ring_square,
          v_alt_pattern_3, ontoclasm_vaults_decontamination, v_pattern_3,
          vaults_room_corners, nicolae_vaults_little_ls, v_misc_9,
          nicolae_vaults_storage_closets_3, nicolae_vaults_theta, v_misc_14,
          layout_vaults_maze, nicolae_trove_entry_diagonal, uniq_sojobo
Vaults:3: portal_desolation_entry_holy_temple,
          nicolae_vaults_offset_grid_hallway_3, vaults_room_grid,
          nicolae_vaults_steering_wheel, ontoclasm_vaults_eye,
          minmay_crypt_entry_simple_sparse, nicolae_vaults_closet_pinwheel_1,
          nicolae_vaults_more_shelving_2, nicolae_vaults_asterisk,
          nicolae_vaults_inception_scallops, serial_ice_g,
          layout_vaults_big_cross
Vaults:4: v_misc_5, vaults_mumra_lcd, hangedman_vaults_restitches,
          nicolae_vaults_closet_pinwheel_4, nicolae_vaults_border_crossing,
          nicolae_vaults_mini_display_case,
          nicolae_vaults_taking_the_gang_shopping, nicolae_vaults_cochlea,
          nicolae_vaults_tetromino_T_2, nicolae_vaults_double_plus_1,
          layout_vaults_omnigrid
Vaults:5: serial_shops
Crypt:1:  layout_rooms, serial_sigils_hangedman_scratch,
          serial_sigils_hangedman_confine
Crypt:2:  layout_misc_corridors
Crypt:3:  church_of_pain_bobbens, layout_chaotic_city, tomb_entry_shell_bobbens
Depths:1: layout_cave_pools, nicolae_ru_the_path_less_chosen, hell_entry,
          lemuel_zombie_altar_kikubaaqudgha
Depths:2: nzn_winding_woodlands_stair_cross
          [nzn_winding_woodlands_5x15_river_crossing,
          nzn_winding_woodlands_center_pierced_h,
          nzn_winding_woodlands_5x15_crooked,
          nzn_winding_woodlands_5x5_closed_star,
          nzn_winding_woodlands_5x5_three,
          nzn_winding_woodlands_5x15_split_checker,
          nzn_winding_woodlands_center_garden,
          nzn_winding_woodlands_5x15_lazy_stream], layout_cross,
          enter_ziggurat_a, grunt_mini_vestibule, nicolae_wu_jian_wuxing_cycle,
          rand_demon_pan_entry_9, abyss_entry, biasface_ghost_demon_polymorph,
          nicolae_specific_store, zin_statuary
Depths:3: cheibrodos_spurs, layout_gridlike, hell_entry, serial_shops,
          nicolae_shop_waterfront, shop, nicolae_shop_stone,
          abyss_entry_flame_altar, lemuel_round_altar, firewood_loft,
          uniq_enchantress
Depths:4: grunt_twist_and_shout, layout_gridville, grunt_hell_entry_dis_mu,
          dk_noncrumbling_2
Zot:1:    layout_gridlike, grunt_megastairs_2, uniq_josephina, uniq_vv
Zot:2:    layout_misc_corridors, lemuel_golem_globe
Zot:3:    layout_basic
Zot:4:    ebering_klown_carousel, layout_misc_corridors, skrybe_zot_glass_2
Zot:5:    layout_gridlike, nicolae_transporter_intersection

Skill      XL: |  1  2  3  4  5  6  7  8  9 10 11 12 13 14 15 16 17 18 19 20 21 22 23 24 25 26 27 |
---------------+----------------------------------------------------------------------------------+-----
Polearms       | 4 5 6 7 9 11 12 13 14 16 18 19 20 21 22 24 | 24.8
Fighting       | 4 5 6 7 9 12 14 17 21 23 24 27 | 27.0
Throwing       | 2 3 4 7 9 10 | 10.0
Stealth        | 3 5 |  5.0
Shields        | 1 7 11 13 15 16 18 19 21 23 25 27 | 27.0
Evocations     | 6 7 10 11 | 11.9
Dodging        | 5 8 11 | 11.5
Armour         | 6 10 13 14 17 19 20 24 | 24.1
Staves         | 4 12 | 12.7

Action                     |  1- 3 |  4- 6 |  7- 9 | 10-12 | 13-15 | 16-18 | 19-21 | 22-24 | 25-27 || total
---------------------------+-------+-------+-------+-------+-------+-------+-------+-------+-------++-------
  Melee: Spear             |   119 |    84 |       |       |       |       |       |       |       ||   203
         Halberd           |       |    49 |   117 |       |       |       |       |       |       ||   166
         Punch             |       |     1 |       |       |       |       |       |       |       ||     1
         Trident           |       |       |   115 |   391 |   943 |  1210 |   237 |       |       ||  2896
         Glaive            |       |       |       |       |       |       |   461 |   847 |  1845 ||  3153
         Lajatang          |       |       |       |       |       |       |   227 |       |    21 ||   248
         Scythe            |       |       |       |       |       |       |   204 |       |       ||   204
         Bardiche          |       |       |       |       |       |       |       |       |    38 ||    38
  Throw: Stone             |       |     3 |     3 |       |       |       |       |       |       ||     6
         Dart              |       |       |    17 |    78 |    33 |    26 |    25 |       |     3 ||   182
         Throwing net      |       |       |     3 |     6 |       |       |     2 |       |       ||    11
         Boomerang         |       |       |       |       |     4 |   127 |    20 |    15 |    44 ||   210
 Invoke: Trog's Hand       |       |       |       |     2 |     4 |     5 |     8 |     7 |     1 ||    27
         Brothers in Arms  |       |       |       |       |     5 |     4 |    12 |     4 |     1 ||    26
Ability: Shaft Self        |       |     1 |       |       |       |       |       |     2 |     1 ||     4
         Dig               |       |       |       |       |       |    10 |    17 |     2 |    12 ||    41
  Evoke: Wand              |       |       |     2 |    10 |    58 |    46 |    24 |    12 |     4 ||   156
         Phantom mirror    |       |       |       |       |       |     1 |       |       |     1 ||     2
         Lightning rod     |       |       |       |       |       |     3 |     3 |       |     4 ||    10
         Sack of spiders   |       |       |       |       |       |       |       |     1 |       ||     1
         Tin of tremorston |       |       |       |       |       |       |       |       |     2 ||     2
    Use: Scroll            |       |     5 |     9 |     8 |     4 |     7 |     5 |     3 |    34 ||    75
         Potion            |       |       |       |       |     1 |     6 |     8 |     5 |    19 ||    39
   Stab: Held in net/web   |       |       |     1 |     3 |       |       |       |       |       ||     4
         Sleeping          |       |       |     1 |     3 |    11 |       |       |       |       ||    15
         Distracted        |       |       |       |       |     4 |     1 |     9 |    19 |    40 ||    73
         Confused          |       |       |       |       |       |     1 |       |     1 |       ||     2
 Armour: Animal skin       |    14 |       |       |       |       |       |       |       |       ||    14
         Ring mail         |    24 |    48 |    93 |   150 |   313 |    84 |       |       |       ||   712
         Chain mail        |       |       |       |       |    10 |       |       |       |       ||    10
         Plate armour      |       |       |       |       |       |   567 |   438 |   217 |   271 ||  1493
         Gold dragon scale |       |       |       |       |       |       |       |       |   221 ||   221
  Dodge: Dodged            |    46 |    51 |    68 |    73 |   213 |   556 |   398 |   189 |   291 ||  1885
         Repelled          |       |       |       |       |       |       |     5 |    13 |    12 ||    30
  Block: Buckler           |       |       |    27 |       |       |       |       |       |       ||    27
         Kite shield       |       |       |     3 |   126 |   498 |   816 |   540 |   122 |       ||  2105
         Reflection        |       |       |       |       |     6 |    33 |    35 |    16 |       ||    90
         Tower shield      |       |       |       |       |       |       |       |   183 |   964 ||  1147
         Form:             |       |       |       |       |       |       |     1 |       |       ||     1
         Statue            |       |       |       |       |       |       |     1 |       |       ||     1

Table legend: (Time is in decaauts)
 A = Elapsed time spent in this place.
 B = Non-inter-level travel time spent in this place.
 C = Inter-level travel time spent in this place.
 D = Time resting spent in this place.
 E = Time spent auto-exploring this place.
 F = Levels seen in this place.
 G = Mean time per level.
                   A        B        C        D        E       F      G
               +--------+--------+--------+--------+--------+-----+--------+
         Total |  76722 |  71288 |   5434 |  18947 |  20662 |  56 | 1370.0 |
       Dungeon |  16242 |  14443 |   1799 |   2017 |   5361 |  15 | 1082.8 |
        Temple |     41 |     41 |      0 |      0 |      0 |   1 |   41.0 |
          Lair |   9581 |   9068 |    513 |   2766 |   2691 |   5 | 1916.2 |
         Swamp |   4566 |   4278 |    288 |   1557 |    959 |   4 | 1141.5 |
   Spider Nest |   7612 |   7312 |    300 |   3759 |   1055 |   4 | 1903.0 |
  Orcish Mines |   3194 |   2562 |    632 |   1253 |    369 |   2 | 1597.0 |
   Elven Halls |   5825 |   5504 |    321 |   1461 |   1872 |   3 | 1941.7 |
        Vaults |   9429 |   8698 |    731 |   1230 |   3790 |   5 | 1885.8 |
         Crypt |   3589 |   3483 |    106 |    693 |   1012 |   3 | 1196.3 |
        Depths |   5309 |   4695 |    614 |    688 |   1916 |   4 | 1327.2 |
           Zot |   7738 |   7609 |    129 |   2776 |   1348 |   5 | 1547.6 |
         Abyss |     91 |     91 |      0 |     36 |      0 |   1 |   91.0 |
         Trove |     40 |     40 |      0 |      0 |      0 |   1 |   40.0 |
      Ice Cave |   1162 |   1162 |      0 |    327 |     19 |   1 | 1162.0 |
        Wizlab |   1488 |   1488 |      0 |    333 |    139 |   1 | 1488.0 |
    Desolation |    808 |    808 |      0 |     49 |    131 |   1 |  808.0 |
               +--------+--------+--------+--------+--------+-----+--------+

Top non-repeatable levels by time:
Spider:3: 2372 daAuts
Spider:4: 2365 daAuts
  Lair:5: 2362 daAuts
   Elf:2: 2298 daAuts
  Lair:2: 2287 daAuts
Vaults:2: 2145 daAuts
Vaults:5: 2065 daAuts
  Lair:3: 1980 daAuts
Spider:2: 1949 daAuts
 Crypt:3: 1914 daAuts
Vaults:3: 1909 daAuts
    D:14: 1865 daAuts
   Elf:3: 1859 daAuts
Depths:3: 1761 daAuts
   Zot:1: 1737 daAuts
